 Dungeon Crawl Stone Soup version 0.24-a0-125-gdf02491 (webtiles) character file.

Game seed: 8794292340026591780

10973 JeffiDaFish the Fighter (level 11, -4/95 HPs)
             Began as a Minotaur Berserker on Feb 24, 2019.
             Was a High Priest of Trog.
             Slain by a seven-headed hydra (10 damage)
             ... on level 1 of the Lair of Beasts.
             The game lasted 00:20:32 (10747 turns).

JeffiDaFish the Fighter (Minotaur Berserker)       Turns: 10747, Time: 00:20:33

Health: -4/95      AC: 18    Str: 25      XL:     11   Next: 43%
Magic:  10/10      EV: 11    Int:  4      God:    Trog [*****.]
Gold:   337        SH:  0    Dex:  8 (10) Spells: 10/10 levels left

rFire    . . .     SeeInvis +   r - +4 mace
rCold    + . .     Gourm    .   (no shield)
rNeg     + . .     Faith    .   h - +1 chain mail
rPois    .         Spirit   .   (helmet restricted)
rElec    .         Reflect  .   g - +2 cloak {+Inv}
rCorr    .         Harm     .   p - +0 pair of gloves
MR       .....                  q - +0 pair of boots
Stlth    ..........             (no amulet)
HPRegen  0.25/turn              w - ring of positive energy
MPRegen  0.12/turn              o - ring of see invisible

@: no status effects
A: retaliatory headbutt, horns 2, cold resistance 1, deterioration 1, frail 1,
MP-powered wands
a: Berserk, Trog's Hand, Brothers in Arms, Renounce Religion, Evoke Invisibility


You were on level 1 of the Lair of Beasts.
You worshipped Trog.
Trog was extremely pleased with you.
You were not hungry.

You visited 3 branches of the dungeon, and saw 12 of its levels.

You collected 557 gold pieces.
You spent 220 gold pieces at shops.

Inventory:

Hand Weapons
 i - a +0 war axe of chopping
 r - a +4 mace (weapon)
Armour
 g - a +2 cloak of invisibility (worn)
 h - a +1 chain mail (worn)
 p - a +0 pair of gloves (worn)
 q - a +0 pair of boots (worn)
Jewellery
 d - an uncursed ring of flight
 o - a ring of see invisible (right hand)
 w - a ring of positive energy (left hand)
Wands
 a - a wand of random effects (17)
 m - a wand of scattershot (6)
 t - a wand of digging (5)
 u - a wand of flame (49)
Scrolls
 b - 6 scrolls of identify
 f - 4 scrolls of teleportation
 j - 3 scrolls of blinking
 k - 2 scrolls of fear
 l - 2 scrolls of remove curse
Potions
 e - 5 potions of flight
 n - a potion of berserk rage
 s - a potion of ambrosia
Comestibles
 c - 29 rations
 v - 3 chunks of flesh


   Skills:
 * Level 12.8 Fighting
 * Level 12.7 Axes
 + Level 9.1 Armour
 + Level 8.4 Dodging


You had 10 spell levels left.
You didn't know any spells.
Your spell library was empty.

Dungeon Overview and Level Annotations

Branches:
Dungeon (10/15)            Temple (1/1) D:5            Lair (1/6) D:9
    Orc: D:9-12

Altars:
Ashenzari
Cheibriados
Dithmenos
Elyvilon
Fedhas
Gozag
Hepliaklqana
Kikubaaqudgha
Nemelex Xobeh
Okawaru
Qazlal
Sif Muna
Trog
Uskayaw
Vehumet
Wu Jian
Xom
Yredelemnul
Zin

Shops:
D:4 (   D:6 ?   D:10 (


Innate Abilities, Weirdness & Mutations

You reflexively headbutt those who attack you in melee.
You have a pair of horns on your head.
Your flesh is cold resistant. (rC+)
Your body sometimes deteriorates upon taking damage.
You are frail. (-10% HP)
You expend magic power (3 MP) to strengthen your wands.


Message History

* * * LOW HITPOINT WARNING * * *
The seven-headed hydra bites you but does no damage.
You hit the seven-headed hydra.
The seven-headed hydra is severely wounded.
The seven-headed hydra bites you but does no damage.
The seven-headed hydra bites you!
* * * LOW HITPOINT WARNING * * *
The seven-headed hydra barely misses you. x2
The seven-headed hydra closely misses you.
The seven-headed hydra bites you but does no damage. x2
Unknown command.
You barely miss the seven-headed hydra.
The seven-headed hydra is severely wounded.
The seven-headed hydra bites you.
* * * LOW HITPOINT WARNING * * *
The seven-headed hydra bites you.
* * * LOW HITPOINT WARNING * * *
The seven-headed hydra closely misses you.
The seven-headed hydra bites you!
You die...

####### ###
######P#[..#
...
......D@...#
..##
##.##P##...#
#..# # ##.##
P.. #..#
#.## #.##
#.(# #.# ..#
#.### ..##
#...# ...#
###.#


You could see a seven-headed hydra.

Vanquished Creatures
  A hydra (Lair:1)
  A manticore (D:9)
  Maurice (D:8)
  2 gargoyles
  A hippogriff (D:10)
  22 yaks
  A wyvern (D:9)
  3 hungry ghosts
  A steam dragon (D:10)
  A water moccasin (Lair:1)
  3 porcupines
  A sky beast (D:7)
  2 orc warriors
  2 black bears
  An eye of draining (D:9)
  A necrophage (D:7)
  2 ice beasts (D:6)
  7 ogres
  A phantom (D:5)
  2 centaurs
  A crocodile (Lair:1)
  Blork the orc (D:6)
  3 big kobolds
  16 bullfrogs
  3 killer bees (D:9)
  5 wights (D:9)
  5 howler monkeys
  7 crimson imps
  4 hounds
  A jelly (D:8)
  4 orc priests
  A bullfrog skeleton (D:9)
  Jessica (D:3)
  Ijyb (D:3)
  A gnoll shaman (D:6)
  An iguana (D:10)
  3 orc wizards (D:8)
  4 worker ants
  A killer bee zombie (D:9)
  3 hound skeletons
  A worker ant zombie (D:5)
  10 gnolls
  5 adders
  3 shadow imps
  An adder skeleton (D:5)
  3 worms (D:2)
  5 dart slugs
  6 leopard geckos
  20 orcs
  5 bats
  3 giant cockroaches
  3 goblins
  7 hobgoblins
  7 jackals
  6 quokkas
  A ball python skeleton (D:5)
  6 frilled lizards
  20 kobolds
  7 rats
  3 fungi
  2 plants (D:9)
246 creatures vanquished.

Vanquished Creatures (others)
  46 fungi (D:9)
  28 plants
74 creatures vanquished.

Grand Total: 320 creatures vanquished

Notes
Turn   | Place    | Note
-------+----------+-------------------------------------------
     0 | D:1      | JeffiDaFish the Minotaur Berserker began the quest for the
                  | Orb.
     0 | D:1      | Reached XP level 1. HP: 19/19 MP: 0/0
   163 | D:1      | Reached XP level 2. HP: 14/27 MP: 1/1
  1653 | D:2      | Reached XP level 3. HP: 33/33 MP: 2/2
  1759 | D:2      | Reached ** piety under Trog
  1819 | D:2      | Found a deep blue altar of Sif Muna.
  2311 | D:2      | Reached XP level 4. HP: 30/41 MP: 3/3
  2313 | D:2      | Found a snail-covered altar of Cheibriados.
  2468 | D:3      | Noticed Ijyb
  2506 | D:3      | Killed Ijyb
  2619 | D:3      | Noticed Jessica
  2731 | D:3      | Found an ancient bone altar of Kikubaaqudgha.
  2737 | D:3      | Killed Jessica
  2737 | D:3      | Reached skill level 5 in Fighting
  2737 | D:3      | Reached skill level 5 in Axes
  2737 | D:3      | Reached XP level 5. HP: 39/48 MP: 4/4
  2779 | D:3      | Found a sparkling altar of Nemelex Xobeh.
  2838 | D:3      | Found an iron altar of Okawaru.
  3334 | D:4      | Found a glowing silver altar of Zin.
  3368 | D:4      | Found Wasilill's Antique Weapon Shop.
  3416 | D:4      | Noticed an ogre
  3422 | D:4      | Killed an ogre
  3560 | D:4      | Reached XP level 6. HP: 57/57 MP: 5/5
  4194 | D:5      | Entered Level 5 of the Dungeon
  4194 | D:5      | Found a radiant altar of Vehumet.
  4197 | D:5      | Found a bloodstained altar of Trog.
  4209 | D:5      | Reached *** piety under Trog
  4241 | D:5      | Found an ornate altar of the Wu Jian Council.
  4246 | D:5      | Found a shadowy altar of Dithmenos.
  4329 | D:5      | Reached XP level 7. HP: 46/64 MP: 6/6
  4518 | D:5      | Found a staircase to the Ecumenical Temple.
  4542 | Temple   | Entered the Ecumenical Temple
  4693 | D:5      | Gained mutation: You expend magic power (3 MP) to
                  | strengthen your wands. [potion of mutation]
  4693 | D:5      | Gained mutation: Your body sometimes deteriorates upon
                  | taking damage. [potion of mutation]
  4693 | D:5      | Gained mutation: You are frail. (-10% HP) [potion of
                  | mutation]
  4693 | D:5      | Gained mutation: Your flesh is cold resistant. (rC+)
                  | [potion of mutation]
  4935 | D:5      | Found a radiant altar of Vehumet.
  5330 | D:6      | Reached XP level 8. HP: 65/65 MP: 7/7
  5384 | D:6      | Reached skill level 5 in Armour
  5661 | D:6      | Reached skill level 5 in Dodging
  5663 | D:6      | Found Juenano's Magic Scroll Boutique.
  5696 | D:6      | Bought a scroll of brand weapon for 220 gold pieces
  5772 | D:6      | Noticed Blork the orc
  5778 | D:6      | Killed Blork the orc
  5783 | D:6      | Reached **** piety under Trog
  6104 | D:7      | Noticed a gargoyle
  6112 | D:7      | Killed a gargoyle
  6112 | D:7      | Reached XP level 9. HP: 63/74 MP: 8/8
  6148 | D:7      | Found a stormy altar of Qazlal.
  6292 | D:7      | Found a blossoming altar of Fedhas.
  6860 | D:8      | Noticed Maurice
  6892 | D:8      | Killed Maurice
  6892 | D:8      | Reached skill level 10 in Fighting
  6932 | D:8      | Reached skill level 10 in Axes
  7593 | D:9      | Reached ***** piety under Trog
  7601 | D:9      | Reached XP level 10. HP: 66/84 MP: 9/9
  8376 | D:9      | Found a staircase to the Lair.
  8392 | D:9      | Noticed a manticore
  8405 | D:9      | Killed a manticore
  9021 | D:10     | Entered Level 10 of the Dungeon
  9205 | D:10     | Reached XP level 11. HP: 68/93 MP: 10/10
  9243 | D:10     | Found Vesan's Weapon Shoppe.
  9727 | Lair:1   | Entered Level 1 of the Lair of Beasts
  9743 | Lair:1   | Noticed an eight-headed hydra
  9823 | Lair:1   | Killed an eight-headed hydra
 10736 | Lair:1   | Noticed a seven-headed hydra
 10747 | Lair:1   | Slain by a seven-headed hydra

Levels and vault maps discovered:
D:1:      minmay_arrival_floating_metal, layout_loops_corners,
          minmay_statues_item, nrook_loot_triangle,
          hangedman_decor_diamond_cutter
D:2:      layout_basic, lemuel_coloured_pillars_altar, led_sif_pool,
          first_ration
D:3:      layout_loops_ring, old_standard_altar, old_standard_altar,
          lemuel_doored_altar, uniq_ijyb, uniq_jessica
D:4:      layout_loops_ring, overflow_temple_1_default, serial_shops,
          nicolae_shop_overgrown_old_shop
D:5:      minmay_chambers_of_threes, layout_cave_pools,
          nicolae_overflow_hidden_temple, nicolae_overflow_crystal_walls,
          grunt_temple_overflow_open, minmay_temple_entry_tees, serial_bayou,
          serial_bayou_lagoon_a, serial_bayou_shore_b, basic_altar
D:6:      layout_basic, serial_shops, shop, uniq_blork_the_orc
D:7:      layout_rooms, kennysheep_mini_moat, lemuel_round_altar
D:8:      layout_loops_ring, uniq_maurice
D:9:      layout_loops_ring, due_lair_maze_entry_diamond, blue_anna_alchemist
          [blue_anna_fruit_fields, blue_anna_fruit_fields]
D:10:     layout_loops_ring, serial_shops, nicolae_shop_behind_doors
Temple:   eino_wide_crystal_templ
Lair:1:   layout_loops_ring

Skill      XL: |  1  2  3  4  5  6  7  8  9 10 11 |
---------------+----------------------------------+-----
Fighting       | 4 5 6 7 9 10 12 | 12.8
Axes           | 4 5 6 7 9 10 12 | 12.7
Armour         | 3 4 6 7 8 9 |  9.1
Dodging        | 3 4 5 6 7 8 |  8.4

Action                   |  1- 3 |  4- 6 |  7- 9 | 10-12 || total
-------------------------+-------+-------+-------+-------++-------
Melee: Hand axe          |    85 |    44 |       |       ||   129
       Headbutt          |    10 |    12 |    40 |    62 ||   124
       Unarmed           |       |    22 |       |       ||    22
       War axe           |       |    39 |   259 |   224 ||   522
       Mace              |       |       |       |    25 ||    25
Invok: Berserk           |       |     1 |     1 |       ||     2
  Use: Scroll            |     6 |     3 |     6 |     3 ||    18
       Potion            |     3 |     3 |     1 |     2 ||     9
 Stab: Sleeping          |       |     1 |       |       ||     1
  Eat: Ration            |     1 |       |       |       ||     1
       Chunk             |     1 |     7 |    19 |    12 ||    39
Armor: Animal skin       |    11 |       |       |       ||    11
       Chain mail        |       |    22 |   127 |   155 ||   304
Dodge: Dodged            |    56 |    57 |   121 |   195 ||   429

Table legend:
 A = Non-vault XP
 B = Vault XP
 C = Vault XP percentage of total XP
 D = Non-vault monster count
 E = Vault monster count
 F = Vault count percentage of total count
                 A         B        C        D         E       F
            +---------+---------+-------+---------+---------+-------
      Total |   13841 |    1836 |  11.7 |     222 |      19 |   7.9
            +---------+---------+-------+---------+---------+-------
        D:1 |      37 |       0 |   0.0 |      16 |       0 |   0.0
        D:2 |      62 |       0 |   0.0 |      25 |       0 |   0.0
        D:3 |      45 |      73 |  61.9 |      14 |       2 |  12.5
        D:4 |     241 |       0 |   0.0 |       9 |       0 |   0.0
        D:5 |     685 |     139 |  16.9 |      15 |       5 |  25.0
        D:6 |    1013 |      96 |   8.7 |      25 |       1 |   3.8
        D:7 |    1233 |       0 |   0.0 |      16 |       0 |   0.0
        D:8 |     933 |     445 |  32.3 |      25 |       1 |   3.8
        D:9 |    3607 |    1083 |  23.1 |      37 |      10 |  21.3
       D:10 |    2164 |       0 |   0.0 |      22 |       0 |   0.0
     Lair:1 |    3821 |       0 |   0.0 |      18 |       0 |   0.0
            +---------+---------+-------+---------+---------+-------
